 Dungeon Crawl Stone Soup version 0.21-a0-442-g848f44b (webtiles) character file.

25 kae the Ruffian (level 2, 0/23 HPs)
             Began as a Draconian Transmuter on Nov 16, 2017.
             Slain by a goblin
             ... wielding a +0 dagger
              (1 damage)
             ... on level 1 of the Dungeon.
             The game lasted 00:00:48 (947 turns).

kae the Ruffian (Draconian Transmuter)               Turns: 947, Time: 00:00:49

Health: 0/23       AC:  4    Str: 12    XL:     2   Next: 86%
Magic:  4/5        EV: 12    Int: 13    God:
Gold:   19         SH:  0    Dex: 11    Spells: 2/5 levels left

rFire    . . .     SeeInvis .   e - +0 club
rCold    . . .     Gourm    .   (no shield)
rNeg     . . .     Faith    .   (armour unavailable)
rPois    .         Spirit   .   (helmet restricted)
rElec    .         Reflect  .   (no cloak)
rCorr    .         Harm     .   (no gloves)
MR       .....                  (no boots)
Stlth    +.........             (no amulet)
HPRegen  0.07/turn              (no ring)
MPRegen  0.09/turn              (no ring)

@: appendage
A: unfitting armour, horns 2, cold-blooded, AC +4
a: End Transformation


You were on level 1 of the Dungeon.
You were hungry.
You had grown temporary horns.
You visited 1 branch of the dungeon, and saw 1 of its levels.

You collected 19 gold pieces.

Inventory:

Hand Weapons
 e - a +0 club (weapon)
Missiles
 a - 36 arrows
Scrolls
 d - a scroll of enchant weapon {unknown}
 f - a scroll of enchant armour {unknown}
 g - a scroll of fear {unknown}
Books
 b - a book of Changes

   Spells                             Type                      Level
   a - Beastly Appendage              Transmutation                1
   b - Sticks to Snakes               Transmutation                2
   c - Spider Form                    Transmutation/Poison         3
   d - Ice Form                       Ice/Transmutation            4
   e - Blade Hands                    Transmutation                5
Comestibles
 c - a bread ration
 h - a royal jelly
 i - 2 chunks of flesh


   Skills:
 + Level 1.6 Fighting
 - Level 1.7 Dodging
 * Level 3.4 Unarmed Combat
 + Level 2.2 Spellcasting
 * Level 2.5 Transmutations


You had 2 spell levels left.
You knew the following spells:

 Your Spells              Type           Power        Failure   Level  Hunger
a - Beastly Appendage     Tmut           #.....       9%          1    ##.....
b - Sticks to Snakes      Tmut           #.......     13%         2    ###....


Dungeon Overview and Level Annotations

Branches:
Dungeon (1/15)

Altars:


Innate Abilities, Weirdness & Mutations

Your plain brown scales are hard. (AC +4)
You cannot fit into any form of body armour.
You are cold-blooded and may be slowed by cold attacks.
You have a pair of horns on your head.


Message History

You are too injured to fight recklessly!
You are too injured to fight recklessly!
You are too injured to fight recklessly!
Casting: Beastly Appendage
Confirm with . or Enter, or press ? or * to list all spells.
You grow a pair of large bovine horns.
The goblin hits you with a dagger. The rat closely misses you.
The goblin hits you but does no damage. The rat closely misses you.
You hit the goblin.
The goblin is heavily wounded.
The rat closely misses you. The goblin hits you with a dagger.
You barely miss the rat. The rat bites you.
* * * LOW HITPOINT WARNING * * *
The goblin completely misses you.
You hit the goblin. Your headbutt misses the goblin.
The goblin is severely wounded.
The rat closely misses you. The goblin hits you with a dagger.
* * * LOW HITPOINT WARNING * * *
The rat closely misses you. The goblin hits you with a dagger.
You die...

#≈......≈# #. #.# #≈.....§§#
#.##.# #≈..88..≈# . ...# #
#≈......≈# #$#..####.##
#≈......≈#.##.#..#$....######
#≈......≈#..#.#..#.# .......
#8..(...8#.........# .....##
####''####.........###.......
#..# ##...r@.....÷.....# #.##
##..g..###......## #.#
##(#.............[ #.#
#.##.###########. #.# # #.#
#.# #.# #.# #.# #.# #.# #.#
#.#######


You could see a goblin and a rat.

Vanquished Creatures
  A dart slug (D:1)
  3 bats (D:1)
  3 giant cockroaches (D:1)
  A goblin (D:1)
  5 hobgoblins (D:1)
  3 kobolds (D:1)
  A frilled lizard (D:1)
  4 rats (D:1)
21 creatures vanquished.

Notes
Turn   | Place    | Note
-------+----------+-------------------------------------------
     0 | D:1      | kae the Draconian Transmuter began the quest for the Orb.
     0 | D:1      | Reached XP level 1. HP: 16/16 MP: 3/3
   145 | D:1      | Reached XP level 2. HP: 16/23 MP: 5/5
   679 | D:1      | Learned a level 2 spell: Sticks to Snakes
   947 | D:1      | HP: 1/23 [goblin/dagger (4)]
   947 | D:1      | Slain by a goblin

Vault maps used:
D:1:      lightli_arrival_noodles, st_stairs_3, minmay_crystal_room

Action                   || total
-------------------------++-------
Melee: Unarmed           ||    20
       Tailslap          ||    10
       Kick              ||     6
       Headbutt          ||     1
       Club              ||    70
       Punch             ||     1
 Cast: Beastly Appendage ||    13
Armor: Skin              ||    35
Dodge: Dodged            ||    77

Table legend:
 A = Spawn XP
 B = Non-spawn XP
 C = Spawn XP percentage of total XP
 D = Spawn monster count
 E = Non-spawn monster count
 F = Spawn count percentage of total count
 G = Total turns spent on level
                    A         B        C        D         E        F      G
               +---------+---------+-------+---------+---------+-------+---------
         Total |       0 |      37 |   0.0 |       0 |      21 |   0.0 |   947
               +---------+---------+-------+---------+---------+-------+---------
           D:1 |       0 |      37 |   0.0 |       0 |      21 |   0.0 |   947
               +---------+---------+-------+---------+---------+-------+---------
